 Dungeon Crawl Stone Soup version 0.26.0-10-g1f06aea511 (webtiles) character file.

Game seed: 7008069676873926123

155272 Dirian the Peltast (level 17, -5/113 HPs)
             Began as a Gargoyle Monk on Jan 19, 2021.
             Was the Champion of the Shining One.
             Collided with a rock wall (24 damage)
             ... caused by a nagaraja
             ... on level 4 of the Snake Pit.
             The game lasted 01:06:58 (38235 turns).

Dirian the Peltast (Gargoyle Monk)                 Turns: 38235, Time: 01:06:59

Health: -5/113     AC: 37    Str: 20    XL:     17   Next: 64%
Magic:  26/26      EV: 10    Int: 12    God:    the Shining One [******]
Gold:   2711       SH: 20    Dex: 26    Spells: 16/16 levels left

rFire    + + .     SeeInvis +   a - +1 morningstar (vorpal)
rCold    . . .     Faith    .   l - +0 kite shield
rNeg     + + +     Spirit   .   H - +4 chain mail {rF+}
rPois    ∞         Reflect  +   c - +1 helmet {SInv}
rElec    +         Harm     .   K - +0 cloak
rCorr    .         Rampage  .   F - +0 pair of gloves
Will     +....                  k - +0 pair of boots of the Hidden Artisans {rN+ Dex+7}
Stlth    ..........             Q - amulet of reflection
HPRegen  0.28/turn              g - ring of Yschoephu {rPois rF+}
MPRegen  0.20/turn              s - +6 ring of dexterity

@: flying, glowing
A: big wings, negative energy resistance 1, electricity resistance, unbreathing,
petrification resistance, miasma immunity, AC +12
a: Stop Flying, Renounce Religion, Divine Shield, Cleansing Flame, Summon Divine
Warrior, Brand Weapon With Holy Wrath


You were on level 4 of the Snake Pit.
You worshipped the Shining One.
The Shining One was exalted by your worship.
You visited 4 branches of the dungeon, and saw 27 of its levels.
You also visited: Ossuary.

You collected 3198 gold pieces.
You spent 487 gold pieces at shops.

Inventory:

Hand Weapons
 a - a +1 vorpal morningstar (weapon)
 b - a +3 flail of freezing
Armour
 c - a +1 helmet of see invisible (worn)
 k - the +0 pair of boots of the Hidden Artisans (worn) {rN+ Dex+7}
   (You found it on level 3 of the Lair of Beasts)

   It affects your dexterity (+7).
   It protects you from negative energy.
 l - a +0 kite shield (worn)
 E - a +0 tower shield
 F - a +0 pair of gloves (worn)
 H - a +4 chain mail of fire resistance (worn)
 K - a +0 cloak (worn)
 L - a +0 plate armour of cold resistance
Jewellery
 g - the ring of Yschoephu (left hand) {rPois rF+}
   (You found it on level 14 of the Dungeon)

   [ring of poison resistance]

   It protects you from fire.
   It protects you from poison.
 m - an uncursed ring of ice
 s - a +6 ring of dexterity (right hand)
 M - an uncursed ring of fire
 Q - an amulet of reflection (around neck)
Wands
 e - a wand of disintegration (6)
 v - a wand of digging (15)
 y - a wand of enslavement (11)
 A - a wand of iceblast (8)
 B - a wand of polymorph (6)
 G - a wand of paralysis (19)
 I - a wand of flame (108)
 P - a wand of acid (18)
Scrolls
 r - 10 scrolls of identify
 t - 9 scrolls of teleportation
 u - 7 scrolls of enchant armour
 x - 16 scrolls of remove curse
 z - a scroll of blinking
 C - 2 scrolls of vulnerability
 D - 3 scrolls of immolation
 N - 3 scrolls of magic mapping
 O - a scroll of holy word
Potions
 d - 5 potions of might
 f - 3 potions of lignification
 h - 8 potions of haste
 i - 4 potions of mutation
 j - 3 potions of attraction
 n - 3 potions of resistance
 o - a potion of ambrosia
 q - 18 potions of curing
 w - 4 potions of heal wounds
 J - 2 potions of berserk rage
 S - 2 potions of magic
 T - a potion of cancellation


   Skills:
 + Level 15.0 Fighting
 - Level 16.0 Maces & Flails
 + Level 14.1 Armour
 - Level 2.4 Dodging
 - Level 2.1 Stealth
 + Level 16.1 Shields
 * Level 12.3 Invocations


You had 16 spell levels left.
You didn't know any spells.
Your spell library contained the following spells:

 Spells                   Type           Power        Failure   Level
 Animate Skeleton         Necr           0%           88%         1
 Apportation              Tloc           0%           88%         1
 Corona                   Hex            0%           88%         1
 Freeze                   Ice            0%           88%         1
 Magic Dart               Conj           0%           88%         1
 Pain                     Necr           0%           88%         1
 Shock                    Conj/Air       0%           88%         1
 Summon Small Mammal      Summ           0%           88%         1
 Blink                    Tloc           N/A          95%         2
 Call Imp                 Summ           0%           95%         2
 Ensorcelled Hibernation  Hex/Ice        0%           95%         2
 Searing Ray              Conj           0%           95%         2
 Slow                     Hex            0%           95%         2
 Swiftness                Air            0%           95%         2
 Call Canine Familiar     Summ           0%           99%         3
 Confusing Touch          Hex            0%           99%         3
 Dazzling Flash           Conj/Hex       0%           99%         3
 Frozen Ramparts          Ice            0%           99%         3
 Gell's Gravitas          Tloc           0%           99%         3
 Inner Flame              Hex/Fire       0%           99%         3
 Lesser Beckoning         Tloc           0%           99%         3
 Ozocubu's Armour         Ice            0%           99%         3
 Portal Projectile        Hex/Tloc       0%           99%         3
 Static Discharge         Conj/Air       0%           99%         3
 Summon Guardian Golem    Hex/Summ       0%           99%         3
 Teleport Other           Tloc           0%           99%         3
 Vampiric Draining        Necr           0%           99%         3
 Airstrike                Air            0%           100%        4
 Animate Dead             Necr           0%           100%        4
 Cause Fear               Hex            0%           100%        4
 Fulminant Prism          Conj/Hex       0%           100%        4
 Hailstorm                Conj/Ice       0%           100%        4
 Iskenderun's Mystic Bla  Conj/Tloc      0%           100%        4
 Leda's Liquefaction      Hex/Erth       0%           100%        4
 Passage of Golubria      Tloc           N/A          100%        4
 Petrify                  Tmut/Erth      0%           100%        4
 Summon Ice Beast         Ice/Summ       0%           100%        4
 Summon Lightning Spire   Summ/Air       0%           100%        4
 Agony                    Necr           0%           100%        5
 Bolt of Magma            Conj/Fire/Erth 0%           100%        5
 Borgnjor's Vile Clutch   Necr/Erth      0%           100%        5
 Iskenderun's Battlesphe  Conj           0%           100%        5
 Lightning Bolt           Conj/Air       0%           100%        5
 Metabolic Englaciation   Hex/Ice        0%           100%        5
 Silence                  Hex/Air        0%           100%        5
 Yara's Violent Unravell  Hex/Tmut       0%           100%        5
 Iron Shot                Conj/Erth      0%           100%        6
 Shadow Creatures         Summ           N/A          100%        6
 Orb of Destruction       Conj           0%           100%        7
 Spellforged Servitor     Conj/Summ      0%           100%        7
 Discord                  Hex            0%           100%        8


Dungeon Overview and Level Annotations

Branches:
Dungeon (15/15)            Temple (0/1) D:7            Lair (6/6) D:8
 Shoals (0/4) Lair:2        Snake (4/4) Lair:2        Slime (0/5) Lair:6
    Orc (2/2) D:11            Elf (0/3) Orc:2        Vaults (0/5) D:14
 Depths (0/5) D:15        Ossuary (visited)

Altars:
Ashenzari
Cheibriados
Elyvilon
Fedhas
Gozag
Makhleb
Okawaru
Qazlal
Trog
Uskayaw
Vehumet
Yredelemnul
The Shining One
Beogh
Jiyva

Shops:
D:8 *   Orc:2 (*(*   Snake:1 (   Snake:2 ?   Snake:4 !

Annotations:
Lair:2 3 runed translucent doors, exclusion: oklob plant, Duaji's ghost, journeyman GrFi
Lair:4 2 transporters
Lair:6 2 transporters, Domino's ghost, journeyman MiBe
Snake:4 1 exclusion


Innate Abilities, Weirdness & Mutations

You are resistant to torment.
Your stone body is resilient. (AC +12)
You are immune to poison.
Your large and strong wings let you fly indefinitely.
You resist negative energy. (rN+)
You are resistant to electric shocks. (rElec)
You can survive without breathing.
You are immune to petrification.
You are immune to miasma.


Message History

The shock serpent bites you but does no damage.
You sock the shock serpent!
You kill the shock serpent!
You block the nagaraja's attack. The nagaraja constricts you.
The naga spits poison at you.
The splash of poison hits you but does no damage.
You resist.
You escape the nagaraja's grasp.
The nagaraja spits poison at you.
The splash of poison reflects off an invisible shield around you!
The splash of poison misses the nagaraja.
The splash of poison hits the naga.
You block the naga's attack. The naga grabs you. The naga constricts you.
You escape the naga's grasp.
The nagaraja gestures at you while chanting.
The lance of force hits you!! The Shining One protects you from harm!
You are knocked back by the lance of force.
You slam into the rock wall!
You die...

*,,,,,,* *,,,,,,*
***,,,,,,* *,,,,,,,,*
*,*,,,,,,* *,*,,,,,,*
**,**,,,,,*
*,,,*,,,,,* ######
***,****######..@<#
,*,,,*,,,....#....#
,,,∩,,,,,**#......#
,*,,,*,#######....#
**.∩,#*#..........#
,*...#.#####.#....#
,,.∩...N.###N#....#
,*,,,#.NNS[N†#)...###
***,*########)......#


You could see a nagaraja (fast) and a naga.

Vanquished Creatures
  Vashnia (Snake:2)
  Rupert (Lair:6)
  Asterion (Snake:3)
  Kirke (Lair:4)
  2 nagarajas
  A frost giant (D:15)
  An orc warlord (Orc:1)
  Aizul (Snake:1)
  The ghost of Borgoz the Fighter, a journeyman GrBe of Trog (D:13)
  5 naga warriors
  Harold (Lair:1)
  8 hydras
  4 boulder beetles
  4 vault guards (D:14)
  4 centaur warriors
  7 anacondas
  A death knight (D:13)
  A catoblepas (Lair:4)
  11 two-headed ogres
  An ogre mage (D:15)
  A tengu warrior (D:15)
  5 orc high priests (Orc:2)
  Urug (D:14)
  12 naga sharpshooters
  A deep elf knight (D:14)
  5 shock serpents
  A hell knight (D:14)
  An unseen horror (D:15)
  A wizard (D:15)
  2 lindwurms (Lair:6)
  A naga ritualist (Snake:3)
  10 orc knights
  3 orc sorcerers (Orc:2)
  3 mana vipers (Snake:3)
  A deep elf mage (D:11)
  2 salamanders
  2 ugly things
  A wolf spider (D:11)
  3 cyclopes
  4 manticores
  18 elephants
  2 merfolk sirens (Lair:2)
  30 black mambas
  2 gargoyles
  A guardian serpent (Snake:1)
  3 naga magi
  2 rust devils
  14 cane toads
  3 torpor snails
  11 komodo dragons
  A kobold demonologist (D:10)
  4 freezing wraiths (D:13)
  2 rime drakes
  2 efreet (D:15)
  2 merfolk (Lair:2)
  3 meliai (D:15)
  A harpy zombie (D:15)
  9 polar bears (Lair:6)
  6 trolls
  A troll (shapeshifter) (D:12)
  3 tyrant leeches (Lair:6)
  2 raiju (Lair:6)
  21 blink frogs
  11 hornets
  Prince Ribbit (Lair:2)
  3 shadows
  2 wraiths
  7 wyverns
  2 hogs (Lair:4)
  39 yaks
  5 basilisks
  Eustachio (D:6)
  7 humans (D:14)
  Menkaure (D:7)
  4 vampire mosquitoes (D:14)
  A soldier ant (D:12)
  9 wargs
  20 water moccasins
  28 nagas
  3 acid dragons
  13 hell hounds
  Duvessa (D:6)
  44 orc warriors
  3 phantoms
  An ice beast (D:13)
  14 black bears
  A necrophage (D:9)
  17 wolves
  11 ogres
  6 centaurs
  19 bullfrogs
  2 elf zombies (Ossuary)
  A big kobold (D:11)
  A gnoll sergeant (D:12)
  Dowan (D:6)
  A wyvern skeleton (D:9)
  4 scorpions
  6 killer bees
  8 howler monkeys
  15 wights
  6 electric eels (D:11)
  4 centaur zombies
  4 bullfrog skeletons
  A human zombie (Ossuary)
  36 orc priests
  12 hounds
  5 jellies
  Crazy Yiuf (D:6)
  8 centaur skeletons
  An iguana (D:5)
  19 orc wizards
  8 worker ants
  A big kobold zombie (Ossuary)
  A hound zombie (D:7)
  A hound skeleton (D:9)
  2 mummies (Ossuary)
  A howler monkey zombie (D:9)
  2 worker ant zombies
  11 adders
  7 gnolls
  3 white imps
  2 ufetubi (D:9)
  2 oozes (D:5)
  7 adder zombies
  An adder skeleton (D:5)
  5 worms
  3 dart slugs
  6 leopard geckos
  103 orcs
  3 giant cockroaches
  5 goblins
  9 hobgoblins
  2 jackals (D:4)
  A ball python (D:1)
  9 bats
  3 frilled lizards
  A goblin zombie (Ossuary)
  9 hobgoblin zombies (Ossuary)
  2 jackal zombies
  17 kobolds
  8 kobold zombies (Ossuary)
  10 orc zombies (Ossuary)
  A quokka skeleton (D:9)
  7 rats
923 creatures vanquished.

Vanquished Creatures (collateral kills)
  Mara (Snake:3)
  Nessos (Lair:6)
  An ice dragon (Lair:6)
  2 torpor snails (Lair:6)
  2 hornets (Lair:6)
7 creatures vanquished.

Vanquished Creatures (others)
  A deep elf mage (D:15)
  2 humans
  An orc priest (Orc:2)
  3 orcs
  18 fungi
  52 plants
77 creatures vanquished.

Grand Total: 1007 creatures vanquished

Notes
Turn   | Place    | Note
-------+----------+-------------------------------------------
     0 | D:1      | Dirian the Gargoyle Monk began the quest for the Orb.
     0 | D:1      | Reached XP level 1. HP: 14/14 MP: 1/1
   244 | D:1      | Reached XP level 2. HP: 19/19 MP: 2/2
   413 | D:1      | Reached skill level 1 in Armour
   681 | D:1      | Reached XP level 3. HP: 24/24 MP: 3/3
  1397 | D:2      | Reached XP level 4. HP: 11/29 MP: 4/4
  1729 | D:2      | Found a burning altar of Makhleb.
  2292 | D:3      | Reached XP level 5. HP: 22/33 MP: 5/5
  2811 | D:3      | Reached skill level 5 in Maces & Flails
  2875 | D:3      | Reached XP level 6. HP: 37/39 MP: 6/6
  3099 | D:3      | Found a stormy altar of Qazlal.
  3100 | D:3      | Noticed an air elemental
  3100 | D:3      | Noticed a water elemental
  3100 | D:3      | Noticed a fire elemental
  3676 | D:4      | Reached skill level 1 in Shields
  4114 | D:4      | Found a white marble altar of Elyvilon.
  4118 | D:4      | Reached XP level 7. HP: 44/44 MP: 7/7
  4212 | D:4      | Got an amethyst-encrusted leather armour
  4283 | D:4      | Identified the +1 leather armour of Ylaysoi {rF++ rC+ rN+
                  | Str-3} (You found it on level 4 of the Dungeon)
  4341 | D:5      | Entered Level 5 of the Dungeon
  4964 | D:5      | Found a snail-covered altar of Cheibriados.
  4964 | D:5      | Found a radiant altar of Vehumet.
  4968 | D:5      | Found a broken altar of Ashenzari.
  4970 | D:5      | Found an iron altar of Okawaru.
  4970 | D:5      | Found a blossoming altar of Fedhas.
  4971 | D:5      | Found a glowing golden altar of the Shining One.
  4971 | D:5      | Found an opulent altar of Gozag.
  4973 | D:5      | Found a bloodstained altar of Trog.
  4974 | D:5      | Found a hide-covered altar of Uskayaw.
  5470 | D:5      | Became a worshipper of the Shining One
  5470 | D:5      | Reached * piety under the Shining One
  5470 | D:5      | Reached ** piety under the Shining One
  5517 | D:6      | Reached XP level 8. HP: 48/48 MP: 8/8
  5535 | D:6      | Reached skill level 5 in Armour
  5690 | D:6      | Reached skill level 5 in Fighting
  5690 | D:6      | Found a sand-covered staircase.
  5702 | Ossuary  | Entered an ossuary
  5782 | Ossuary  | Reached *** piety under the Shining One
  5892 | Ossuary  | Reached **** piety under the Shining One
  6034 | D:6      | Found a runed translucent door.
  6037 | D:6      | Noticed Crazy Yiuf
  6240 | D:6      | Noticed Duvessa
  6240 | D:6      | Noticed Dowan
  6258 | D:6      | Killed Duvessa
  6262 | D:6      | Killed Dowan
  6456 | D:6      | Noticed Eustachio
  6507 | D:6      | Killed Eustachio
  6734 | D:6      | Killed Crazy Yiuf
  6795 | D:7      | Found a basalt altar of Yredelemnul.
  6847 | D:7      | Found a staircase to the Ecumenical Temple.
  6870 | D:7      | Reached XP level 9. HP: 53/55 MP: 9/9
  6901 | D:7      | Reached skill level 1 in Invocations
  7520 | D:7      | Noticed Menkaure
  7536 | D:7      | Killed Menkaure
  8043 | D:8      | Found a staircase to the Lair.
  8283 | D:8      | Reached XP level 10. HP: 60/60 MP: 12/12
  8293 | D:8      | Reached ***** piety under the Shining One
  8401 | D:8      | Reached skill level 10 in Maces & Flails
  8529 | D:8      | Found Woseot's General Store.
  8534 | D:8      | Bought a potion of heal wounds for 75 gold pieces
  8619 | D:7      | Noticed a rust devil
  8619 | D:7      | Noticed a rust devil
  8696 | D:7      | Killed a rust devil
 10187 | D:10     | Entered Level 10 of the Dungeon
 10452 | D:10     | Noticed a two-headed ogre
 10457 | D:10     | Noticed a centaur warrior
 10462 | D:10     | Reached skill level 5 in Invocations
 10462 | D:10     | Noticed a centaur warrior
 10470 | D:10     | Killed a two-headed ogre
 10470 | D:10     | Noticed a cyclops
 10471 | D:10     | Reached skill level 5 in Shields
 10482 | D:10     | Reached XP level 11. HP: 33/67 MP: 13/15
 10628 | D:10     | Killed a centaur warrior
 10823 | D:10     | Killed a cyclops
 11397 | D:10     | Killed a centaur warrior
 11810 | D:10     | Got a pair of masterwork boots
 11815 | D:10     | Identified the +0 pair of boots of the New World {*Corrode
                  | rF++ Regen+ Str+3 Slay-5} (You found it on level 10 of the
                  | Dungeon)
 12115 | D:11     | Noticed a wolf spider
 12855 | D:11     | Killed a wolf spider
 12889 | D:11     | Noticed a deep elf mage
 13120 | D:11     | Killed a deep elf mage
 13700 | D:11     | Found a staircase to the Orcish Mines.
 14344 | D:12     | Reached XP level 12. HP: 60/75 MP: 17/17
 14519 | D:12     | Reached skill level 10 in Armour
 14896 | D:12     | Noticed a two-headed ogre
 14910 | D:12     | Killed a two-headed ogre
 15118 | D:12     | Identified the +4 hunting sling "Earthworm" {flame,
                  | *Corrode rC+ Int+3}
 15406 | D:12     | Reached ****** piety under the Shining One
 16245 | D:13     | Got an encrusted scimitar
 16310 | D:13     | Noticed a boulder beetle
 16524 | Lair:1   | Entered Level 1 of the Lair of Beasts
 16699 | Lair:1   | Noticed a four-headed hydra
 16714 | Lair:1   | Killed a four-headed hydra
 17326 | Lair:2   | Noticed Harold
 17435 | Lair:1   | Killed Harold
 17716 | Lair:2   | Got a steaming garnet amulet
 17735 | Lair:2   | Noticed a seven-headed hydra
 17761 | Lair:2   | Killed a seven-headed hydra
 17762 | Lair:2   | Reached XP level 13. HP: 72/81 MP: 15/19
 17903 | Lair:2   | Noticed Prince Ribbit
 17919 | Lair:2   | Killed Prince Ribbit
 17942 | Lair:2   | Found a staircase to the Snake Pit.
 18186 | Lair:2   | Found a staircase to the Shoals.
 18198 | Lair:2   | Reached skill level 10 in Fighting
 18887 | Lair:2   | Found a hide-covered altar of Uskayaw.
 19121 | Lair:2   | Found a runed translucent gate.
 19121 | Lair:2   | Found a runed translucent gate.
 19121 | Lair:2   | Found a runed translucent gate.
 19126 | Lair:2   | Noticed Duaji's ghost (journeyman GrFi)
 19326 | Lair:2   | Identified the amulet of Jupenani {RegenMP rElec Stlth+}
                  | (You found it on level 2 of the Lair of Beasts)
 19328 | Lair:2   | Identified the +4 scimitar of the Vaults {vamp, rElec} (You
                  | found it on level 13 of the Dungeon)
 19642 | Lair:3   | You fall into a shaft and drop 2 floors!
 19836 | Lair:4   | Noticed Kirke
 19859 | Lair:4   | Killed Kirke
 20525 | Lair:3   | Got a pair of fading boots
 20530 | Lair:3   | Identified the +0 pair of boots of the Hidden Artisans {rN+
                  | Dex+7} (You found it on level 3 of the Lair of Beasts)
 20666 | Lair:4   | Reached skill level 10 in Invocations
 21126 | Lair:4   | Gained mutation: Your large and strong wings let you fly
                  | indefinitely. [Gargoyle growth]
 21126 | Lair:4   | Reached XP level 14. HP: 83/88 MP: 21/21
 21431 | Lair:4   | Found a transporter.
 21431 | Lair:4   | Found a transporter.
 21721 | Lair:4   | You are sucked into a shaft and drop 2 floors!
 21721 | Lair:6   | Entered Level 6 of the Lair of Beasts
 22734 | Lair:5   | Reached skill level 10 in Shields
 24810 | Lair:6   | Found a viscous altar of Jiyva.
 24810 | Lair:6   | Found a staircase to the Slime Pits.
 24859 | Lair:6   | Found a transporter.
 24859 | Lair:6   | Found a transporter.
 24878 | Lair:6   | Noticed Domino's ghost (journeyman MiBe)
 25121 | Lair:6   | Noticed Rupert
 25392 | Lair:6   | Reached skill level 15 in Maces & Flails
 25403 | Lair:6   | Paralysed by Rupert for 4 turns
 25754 | Lair:6   | Found a runed translucent door.
 25828 | Lair:6   | Reached XP level 15. HP: 25/96 MP: 17/22
 26138 | Lair:6   | Noticed Nessos
 26159 | Lair:6   | Killed Nessos
 26556 | Lair:6   | Killed Rupert
 27461 | Orc:1    | Entered Level 1 of the Orcish Mines
 27462 | Orc:1    | Found a roughly hewn altar of Beogh.
 27830 | Orc:2    | Entered Level 2 of the Orcish Mines
 27832 | Orc:2    | Noticed an orc warlord
 27870 | Orc:1    | Killed an orc warlord
 28914 | Orc:2    | Found a staircase to the Elven Halls.
 29943 | Orc:2    | Found Qerolas's Antique Weapon Shop.
 29946 | Orc:2    | Found Rohuid's Antique Weapon Boutique.
 29947 | Orc:2    | Found Utenk's Assorted Antiques.
 29948 | Orc:2    | Found Fuyca's Assorted Antiques.
 29951 | Orc:2    | Bought a scroll of magic mapping for 112 gold pieces
 29951 | Orc:2    | Bought a potion of heal wounds for 160 gold pieces
 29954 | Orc:2    | Bought a potion of heal wounds for 140 gold pieces
 30760 | D:13     | Found a runed translucent gate.
 30760 | D:13     | Noticed Borgoz's ghost (journeyman GrBe)
 30761 | D:13     | Found a runed translucent gate.
 30762 | D:13     | Found a runed translucent gate.
 30770 | D:13     | Identified the +4 great mace "Ysossu" {venom, *Slow rF+ rC+
                  | Dex+4}
 30770 | D:13     | Identified the +1 chain mail "Plog" {rF+ Slay+3}
 30912 | D:13     | Found a roughly hewn altar of Beogh.
 30964 | D:13     | Killed Borgoz's ghost
 31010 | D:13     | Got a faintly humming helmet
 31020 | D:13     | Identified the cursed +0 helmet "Gadiu" {Int+2} (You found
                  | it on level 13 of the Dungeon)
 31022 | D:13     | Got a pair of brightly glowing boots
 31032 | D:13     | Identified the +0 pair of boots "Yfafez" {rN++} (You found
                  | it on level 13 of the Dungeon)
 31186 | D:14     | Got a glittering granite ring
 31207 | D:14     | Reached XP level 16. HP: 97/104 MP: 23/23
 31264 | D:14     | Noticed Urug
 31293 | D:14     | Killed Urug
 31860 | D:14     | Found a gate to the Vaults.
 31983 | D:14     | Identified the ring of Yschoephu {rPois rF+} (You found it
                  | on level 14 of the Dungeon)
 32082 | D:15     | Entered Level 15 of the Dungeon
 32198 | D:15     | Identified the +7 dagger of Bile {speed, rF+}
 33372 | D:15     | Found a staircase to the Depths.
 34038 | Snake:1  | Entered Level 1 of the Snake Pit
 34061 | Snake:1  | Found Cymimocokh's Weapon Emporium.
 34061 | Snake:1  | Found Xoasairi's Weapon Shoppe.
 34842 | Snake:1  | Noticed Aizul
 34862 | Snake:1  | Killed Aizul
 35387 | Snake:2  | Noticed Vashnia
 35431 | Snake:2  | Killed Vashnia
 35442 | Snake:2  | Reached XP level 17. HP: 89/112 MP: 25/25
 35457 | Snake:2  | Reached skill level 15 in Shields
 35965 | Snake:2  | Found Irof's Magic Scroll Shop.
 36646 | Snake:3  | Noticed Asterion
 36653 | Snake:3  | Noticed Mara
 36674 | Snake:3  | Killed Asterion
 36676 | Snake:3  | Noticed Dirian's illusion
 36688 | Snake:3  | Noticed Dirian's illusion
 36699 | Snake:3  | Killed Mara
 38067 | Snake:3  | Identified the +1 robe "Wuunwo Tehe" {rPois Dex+5} (You
                  | found it on level 3 of the Snake Pit)
 38089 | Snake:4  | Entered Level 4 of the Snake Pit
 38180 | Snake:4  | Reached skill level 15 in Fighting
 38198 | Snake:4  | Found Wupob's Distillery.
 38211 | Snake:4  | Identified a ring of the Octopus King {AC+1 EV+1 Str+1
                  | Int+1 Dex+1 SInv}
 38235 | Snake:4  | The Shining One protects you from harm!
 38235 | Snake:4  | Collided with a rock wall

Illustrated notes

Levels and vault maps discovered:
D:1:      dpeg_arrival_snail, layout_loops_ring
D:2:      layout_basic, general_overflow_altar
D:3:      layout_rooms, nicolae_qazlal_style_of_elements
D:4:      layout_loops_ring, lemuel_doored_altar, bh_walls_and_bars
D:5:      layout_loops_corners, minitemple
D:6:      layout_basic, lightli_ossuary_entry_decrepit_ruins, minivault_1,
          uniq_eustachio, uniq_crazy_yiuf_cottage, uniq_duvessa
D:7:      cheibrodos_iron_armory, layout_loops_ring, kennysheep_little_box,
          minmay_temple_entry_ruins, uniq_menkaure
D:8:      layout_basic, minmay_lair_entry_grove, serial_shops, shop
D:9:      layout_loops_corners
D:10:     minmay_the_grid_triangle_9x9_rhombus_thin_mashed
          [minmay_the_grid_triangle_9x9_pentomino_pain,
          minmay_the_grid_triangle_9x9_prize_center,
          minmay_the_grid_triangle_9x9_alien,
          minmay_the_grid_triangle_9x9_limited_checkers], layout_basic
D:11:     layout_basic, orc_0_dummy, minivault_20, solitary_fountain
D:12:     layout_basic
D:13:     layout_cave_pools, biasface_ghost_orc_armoury, kennysheep_small_square
D:14:     layout_big_octagon, ximxim_vaults_locker_room, chequers_mini_garden,
          sword_in_stone
D:15:     grunt_enter_depths_snipers, layout_long_grid,
          chequers_serial_rivers_micro_a, kennysheep_crisscross
Lair:1:   layout_hall_layers, lemuel_fruit_tree
Lair:2:   layout_cave_pods, elwin_shoals_entry_stream,
          minmay_snake_entry_guardpost_small, ebering_ghost_rock_garden,
          lemuel_oklob_altar, serial_bayou_shore_a, uniq_prince_ribbit2,
          uniq_harold
Lair:3:   layout_regular_city
Lair:4:   gammafunk_boulding_lane, layout_gridlike,
          eino_small_chamber_without_monster, lookout_lair_type, st_stairs_7,
          grunt_megastairs_3, uniq_kirke
Lair:5:   layout_small_grid, grunt_megastairs_2
Lair:6:   wormcave, layout_long_grid, hangedman_lair_caniforms_friends,
          slime_altar_1, gammafunk_ghost_hive, uniq_nessos, uniq_rupert
Snake:1:  layout_cave_pods, minmay_shoptagon, uniq_aizul
Snake:2:  layout_basic, serial_shops, nicolae_shop_trees, uniq_vashnia
Snake:3:  cheibrodos_forgotten_conduit, layout_cave_town, grunt_ministairs_11,
          grunt_megastairs_1, uniq_mara, uniq_asterion
Snake:4:  snake_pit_salamanders_mu, layout_rooms, serial_curves, eino_curves_03,
          eino_curves_04, eino_curves_03, st_stairs_1, minmay_shop_star
Orc:1:    layout_caves, basic_altar
Orc:2:    st_orc_pillars, layout_diamond_mine, mines2_lemuel

Skill      XL: |  1  2  3  4  5  6  7  8  9 10 11 12 13 14 15 16 17 |
---------------+----------------------------------------------------+-----
Armour         | 1 2 3 4 6 7 9 11 12 13 14 | 14.1
Maces & Flails | 4 5 6 8 9 11 12 13 14 15 16 | 16.0
Fighting       | 4 5 6 7 8 9 10 12 13 14 15 | 15.0
Shields        | 1 2 3 4 5 6 7 9 11 13 14 16 | 16.1
Invocations    | 3 5 7 8 10 11 12 | 12.3
Dodging        | |  2.4
Stealth        | |  2.1

Action                   |  1- 3 |  4- 6 |  7- 9 | 10-12 | 13-15 | 16-18 || total
-------------------------+-------+-------+-------+-------+-------+-------++-------
Melee: Mace              |    96 |       |       |       |       |       ||    96
       Flail             |    10 |   242 |   483 |  1200 |  1740 |       ||  3675
       Morningstar       |       |       |       |       |   187 |   848 ||  1035
       Unarmed           |       |       |       |       |       |    22 ||    22
Invok: Divine Shield     |       |       |     1 |     7 |    10 |     7 ||    25
       Summon Divine War |       |       |       |       |     4 |     2 ||     6
       Cleansing Flame   |       |       |       |       |     1 |     1 ||     2
 Abil: Fly               |       |       |       |       |     1 |       ||     1
  Use: Scroll            |       |    10 |     9 |    10 |    13 |     8 ||    50
       Potion            |       |     2 |       |     2 |     3 |     2 ||     9
 Stab: Sleeping          |     5 |     1 |       |       |       |       ||     6
Armor: Robe              |     6 |       |       |       |       |       ||     6
       Leather armour    |    51 |    70 |       |       |       |       ||   121
       Ring mail         |       |    37 |     1 |       |       |       ||    38
       Skin              |       |    26 |       |       |       |     4 ||    30
       Chain mail        |       |       |   262 |   560 |  1052 |   368 ||  2242
Dodge: Dodged            |    87 |   168 |   159 |   441 |   831 |   210 ||  1896
Block: Buckler           |       |    45 |   107 |   381 |  1129 |   580 ||  2242
       Reflection        |       |       |       |       |    15 |    65 ||    80
       Other             |       |       |       |       |       |     5 ||     5
       Kite shield       |       |       |       |       |       |   171 ||   171
